 Dungeon Crawl Stone Soup version 0.30.1-4-g462c640d31 (webtiles) character file.

Game seed: 11926595734104247572

434 growler the Magician (level 7, -4/45 HPs)
             Began as a Djinni Fire Elementalist on Aug 11, 2023.
             Killed by divine providence
             ... invoked by an orc priest
              (12 damage)
             ... on level 4 of the Dungeon.
             The game lasted 00:10:22 (2906 turns).

growler the Magician (Djinni Fire Elementalist)     Turns: 2906, Time: 00:10:24

Health: -4/45      AC:  2    Str:  7    XL:     7   Next: 20%
Gold:   176        EV: 12    Int: 19    God:
                   SH:  0    Dex: 13

rFire   + + .        j - +2 dagger (venom)
rCold   x . .        (no shield)
rNeg    . . .        a - +0 robe
rPois   ∞            (no helmet)
rElec   .            (no cloak)
rCorr   .            (no gloves)
SInv    .            (boots unavailable)
Will    .....        (no amulet)
Stlth   ++           (no ring)
HPRegen 0.27/turn    (no ring)
MPRegen 0.00/turn

%: infuse magic (-5 HP)
@: flying
A: sickness immunity, fire resistance 2, cold vulnerability 1, float, innate
caster, HP casting, extra vitality 1
a: no special abilities


You were on level 4 of the Dungeon.
You visited 1 branch of the dungeon, and saw 4 of its levels.

You collected 176 gold pieces.

Inventory:

Hand Weapons
 j - a +2 dagger of venom (weapon)
Missiles
 t - 3 throwing nets
Armour
 a - a +0 robe (worn)
Wands
 l - a wand of paralysis (6)
Scrolls
 b - a scroll of amnesia
 c - a scroll of teleportation {unknown}
 e - a scroll of poison
 f - a scroll of vulnerability {unknown}
 k - a scroll of blinking {unknown}
 o - a scroll of fear {unknown}
 q - a scroll of identify
 s - a scroll of enchant weapon {unknown}
Potions
 d - a potion of heal wounds
 g - a potion of haste {unknown}
 h - 2 potions of mutation {unknown}
 i - a potion of attraction
 m - a potion of berserk rage {unknown}
 n - a potion of cancellation {unknown}
 p - a potion of magic {unknown}
 r - a potion of brilliance {unknown}
 u - a potion of curing {unknown}


   Skills:
 - Level 2.1 Dodging
 - Level 1.5 Stealth
 + Level 5.9 Spellcasting


You knew the following spells:

 Your Spells              Type           Power      Damage    Failure   Level
a - Foxfire               Conj/Fire      100%       2x1d9     1%          1
b - Scorch                Fire           56%        2d7       1%          2
c - Volatile Blastmotes   Fire/Tloc      56%        2d14      3%          3
d - Inner Flame           Hex/Fire       28%        N/A       3%          3
e - Flame Wave            Conj/Fire      28%        2d9       10%         4
f - Beastly Appendage     Tmut           56%        N/A       1%          1
g - Wereblood             Tmut           28%        N/A       1%          2
h - Portal Projectile     Hex/Tloc       56%        N/A       3%          3
Your spell library was empty.

Dungeon Overview and Level Annotations

Branches:
Dungeon (4/15)
 Temple: D:4-7

Altars:
Cheibriados
Okawaru

Annotations:
D:4 Grinder


Innate Abilities, Weirdness & Mutations

You are immune to sickness and miasma.
You are immune to poison.
Your flesh is very heat resistant. (rF++)
You are vulnerable to cold. (rC-)
You float through the air rather than walking.
You learn spells naturally, not from books.
Your magical power is your life essence.
You have superior vitality. (+4 MHP)


Message History

Casting: Scorch (safe; 1% risk of failure)
Confirm with . or Enter, or press ? or * to list all spells.
You conjure some foxfire!
The orc priest hits you from afar with a +0 trident.
Unknown command.
Casting: Foxfire (safe; 1% risk of failure)
Confirm with . or Enter, or press ? or * to list all spells.
You conjure some foxfire!
The orc priest is no longer more vulnerable to fire.
The foxfire hits Grinder.
Grinder is burned terribly!
Grinder is heavily wounded.
The foxfire hits Grinder.
Grinder is heavily wounded.
The orc priest calls down the wrath of Beogh upon you.
Beogh smites you!
* * * LOW HITPOINT WARNING * * *
Grinder gestures at you. Pain shoots through your body!
* * * LOW HITPOINT WARNING * * *
You feel much better.
The foxfire hits Grinder.
Grinder is burned terribly!
Grinder is severely wounded.
The foxfire hits Grinder but does no damage.
Grinder is severely wounded.
Grinder hits you!
You writhe in agony.
The orc priest looks encouraged for a moment.
Casting: Foxfire (safe; 1% risk of failure)
Confirm with . or Enter, or press ? or * to list all spells.
You conjure some foxfire!
The orc priest closely misses you. Grinder gestures at you.
Pain shoots through your body!
* * * LOW HITPOINT WARNING * * *
Unknown command.
You reach down and open the door.
The foxfire hits Grinder but does no damage.
Grinder is severely wounded.
The foxfire hits Grinder.
Grinder is severely wounded.
The orc priest calls down the wrath of Beogh upon you.
Beogh smites you!
You die...

#.#...'.o...'...##
##+#+###.....#####
#........#####
#........# . #........#
#8 #........# #.
#..o.)...# #8
##########.5....^.# #.
#..........@......# #8
#....[....#'#+##### #.
#.........#.#.# #.
#.........+.#.# .
#.....(...#.#.# #
#.........#.#.# #
#...÷.....#.#.# #
#####.........#.#.# #
#.............#...###..
#


You could see Grinder (combustible) and an orc priest.

Vanquished Creatures
  An ogre (D:4)
  A scorpion (D:4)
  A hound (D:4)
  2 orc priests (D:4)
  5 adders
  7 gnolls
  A worm (D:3)
  A dart slug (D:1)
  7 orcs
  5 ball pythons
  5 bats
  7 endoplasms
  7 giant cockroaches
  9 hobgoblins
  4 jackals (D:4)
  4 kobolds
  4 quokkas
  3 frilled lizards
  9 goblins
  6 rats
89 creatures vanquished.

Vanquished Creatures (others)
  173 foxfires
173 creatures vanquished.

Grand Total: 262 creatures vanquished

Notes
Turn   | Place    | Note
-------+----------+-------------------------------------------
     0 | D:1      | growler the Djinni Fire Elementalist began the quest for
                  | the Orb.
     0 | D:1      | growler set off with the following spells memorised:
                  | Foxfire, Scorch, Volatile Blastmotes, Inner Flame, Flame
                  | Wave.
     0 | D:1      | Reached XP level 1. HP: 15/15 MP: 0/0
    48 | D:1      | Reached XP level 2. HP: 10/21 MP: 0/0
   147 | D:1      | Reached skill level 3 in Spellcasting
   425 | D:1      | Reached XP level 3. HP: 25/25 MP: 0/0
   425 | D:1      | Learned a level 1 spell: Beastly Appendage
   707 | D:1      | Found a faded altar of an unknown god.
   896 | D:2      | Reached XP level 4. HP: 27/31 MP: 0/0
  1185 | D:2      | Found an iron altar of Okawaru.
  1830 | D:3      | Found a snail-covered altar of Cheibriados.
  1884 | D:3      | Reached skill level 4 in Spellcasting
  2234 | D:3      | Reached XP level 5. HP: 35/35 MP: 0/0
  2234 | D:3      | Learned a level 2 spell: Wereblood
  2631 | D:4      | Reached XP level 6. HP: 32/40 MP: 0/0
  2668 | D:4      | Reached skill level 5 in Spellcasting
  2810 | D:4      | Noticed an ogre
  2817 | D:4      | Noticed Grinder
  2850 | D:4      | Killed an ogre
  2851 | D:4      | Reached XP level 7. HP: 16/45 MP: 0/0
  2851 | D:4      | Learned a level 3 spell: Portal Projectile
  2903 | D:4      | HP: 1/45 [Grinder/nerve-wracking pain (9)]
  2906 | D:4      | Killed from afar by an orc priest

Illustrated notes

Levels and vault maps discovered:
D:1:      scummos_arrival_simple_fountains, layout_rooms,
          dilly_ecumenical_altar_fadedgnrine, minmay_hedge_maze
D:2:      layout_loops_corners, basic_altar,
          wander_ebering_terrifying_dragon_lair
D:3:      layout_rooms, general_overflow_altar, portal_sewer_entry_d,
          corexii_corridor_pit
D:4:      kennysheep_the_goblin_king, layout_basic, jmf_multi_god_temple2,
          uniq_duvessa, uniq_grinder

Skill      XL: |  1  2  3  4  5  6 |
---------------+-------------------+-----
Spellcasting   | 3 4 5 |  5.9
Dodging        | |  2.1
Stealth        | |  1.5

Action                     |  1- 3 |  4- 6 |  7- 9 || total
---------------------------+-------+-------+-------++-------
  Melee: Dagger            |    13 |    23 |       ||    36
   Cast: Foxfire           |    43 |    50 |     4 ||    97
         Scorch            |       |     9 |     2 ||    11
         Volatile Blastmot |       |     1 |       ||     1
         Flame Wave        |       |     4 |       ||     4
    Use: Scroll            |       |     3 |       ||     3
         Potion            |       |     2 |     1 ||     3
   Stab: Sleeping          |     3 |     2 |       ||     5
 Armour: Robe              |     2 |     8 |       ||    10
  Dodge: Dodged            |    17 |    38 |     1 ||    56
